 Dungeon Crawl Stone Soup version 0.29-a0-88-g03a7b78be7 (webtiles) character file.

Game seed: 9864158861435551416

426 bande the Covered (level 6, -15/39 HPs)
             Began as a Gargoyle Fighter on Feb 5, 2022.
             Demolished by an ogre (23 damage)
             ... on level 5 of the Dungeon.
             The game lasted 00:06:46 (4391 turns).

bande the Covered (Gargoyle Fighter)                Turns: 4391, Time: 00:06:48

Health: -15/39     AC: 15    Str: 19    XL:     6   Next: 97%
Magic:  6/6        EV:  7    Int:  9    God:
Gold:   161        SH:  4    Dex: 11    Spells: 5/5 levels left

rFire   . . .      SeeInvis .   h - +0 hand axe (flame)
rCold   . . .      Faith    .   c - +0 buckler
rNeg    + . .      Spirit   .   i - +0 chain mail
rPois   ∞          Reflect  .   (no helmet)
rElec   +          Harm     .   d - +0 cloak
rCorr   .          Rampage  .   (no gloves)
Will    .....                   (no boots)
Stlth   ..........              g - amulet of regeneration
HPRegen 0.93/turn               (no ring)
MPRegen 0.10/turn               (no ring)

@: no status effects
A: sickness immunity, AC +4, negative energy resistance 1, electricity
resistance, torment resistance 1, petrification resistance
a: no special abilities


You were on level 5 of the Dungeon.
You visited 1 branch of the dungeon, and saw 5 of its levels.

You collected 161 gold pieces.

Inventory:

Hand Weapons
 a - a +0 war axe
 f - a +0 war axe
 h - a +0 hand axe of flaming (weapon)
Armour
 c - a +0 buckler (worn)
 d - a +0 cloak (worn)
 i - a +0 chain mail (worn)
Jewellery
 e - a ring of ice
 g - an amulet of regeneration (around neck)
Scrolls
 b - a scroll of teleportation
 n - a scroll of fog {unknown}
 p - a scroll of identify
Potions
 j - a potion of cancellation {unknown}
 k - a potion of invisibility
 l - 2 potions of flight
 m - 2 potions of curing
 o - a potion of ambrosia {unknown}
 q - a potion of magic {unknown}


   Skills:
 + Level 4.5 Fighting
 + Level 4.4 Axes
 + Level 5.0 Armour
 - Level 0.1 Dodging
 + Level 4.3 Shields


You had 5 spell levels left.
You didn't know any spells.
Your spell library contained the following spells:

 Spells                   Type           Power      Damage    Failure   Level
 Frozen Ramparts          Ice            0%         1d2       100%        3
 Tukima's Dance           Hex            0%         N/A       100%        3
 Ice Form                 Ice/Tmut       0%         N/A       100%        4
 Passage of Golubria      Tloc           0%         N/A       100%        4
 Summon Ice Beast         Ice/Summ       0%         N/A       100%        4
 Yara's Violent Unravell  Hex/Tmut       0%         3d3       100%        5


Dungeon Overview and Level Annotations

Branches:
Dungeon (5/15)
 Temple: D:4-7

Altars:
Nemelex Xobeh

Shops:
D:2 ?


Innate Abilities, Weirdness & Mutations

You are immune to sickness and miasma.
Your stone body is resilient. (AC +4)
You are immune to poison.
You resist negative energy. (rN+)
You are resistant to electric shocks. (rElec)
You are resistant to unholy torment.
You are immune to petrification.


Message History

You climb downwards.
You block the centaur skeleton's attack. x2
There is a stone staircase leading up here.
You hit the centaur skeleton. You burn the centaur skeleton.
The centaur skeleton is moderately damaged.
The centaur skeleton misses you.
The centaur skeleton kicks you but does no damage.
You block the centaur skeleton's attack.
The centaur skeleton kicks you but does no damage.
You hit the centaur skeleton. You burn the centaur skeleton.
The centaur skeleton is heavily damaged.
The centaur skeleton hits you but does no damage.
The centaur skeleton kicks you but does no damage.
You hit the centaur skeleton. You burn the centaur skeleton.
The centaur skeleton is severely damaged.
The centaur skeleton hits you but does no damage.
The centaur skeleton kicks you but does no damage.
You block the centaur skeleton's attack.
The centaur skeleton kicks you but does no damage.
Unknown command.
You barely miss the ogre.
You completely miss the centaur skeleton.
The ogre hits you with a +0 giant club!
You block the centaur skeleton's attack.
The centaur skeleton barely misses you.
You hit the ogre. You burn the ogre.
The ogre is moderately wounded.
You hit the centaur skeleton. You burn the centaur skeleton.
The centaur skeleton closely misses you.
The centaur skeleton kicks you but does no damage.
The ogre hits you with a +0 giant club!!
Ouch! That really hurt!
* * * LOW HITPOINT WARNING * * *
You hit the ogre but do no damage.
The ogre is moderately wounded.
You hit the centaur skeleton. You burn the centaur skeleton.
You destroy the centaur skeleton!
The ogre hits you with a +0 giant club!!
Ouch! That really hurt!
You die...

##..# #..## ##..#
...###... #...#
#...#...# ###..##
#......# ####....##
#.....(# .........###
#....# #####....O.###
##....#
#.....@..#####.....#
#..........#.......##
#...?..........##...##
#............######...##
#....##......## ##...#
#....# #####..# ##..#
..... ##.## #... .. #.##
##... ##.# #....


You could see an ogre.

Vanquished Creatures
  A water moccasin (D:4)
  A scorpion (D:4)
  A centaur zombie (D:5)
  A hound (D:4)
  Crazy Yiuf (D:3)
  A centaur skeleton (D:5)
  An iguana (D:4)
  An orc wizard (D:3)
  4 gnolls
  2 adders
  2 worms
  3 dart slugs (D:1)
  5 orcs
  6 bats
  7 endoplasms
  A giant cockroach (D:1)
  4 goblins
  2 hobgoblins
  2 quokkas
  7 ball pythons
  6 frilled lizards
  7 kobolds
  2 rats (D:2)
68 creatures vanquished.

Vanquished Creatures (others)
  22 fungi (D:5)
  47 plants
69 creatures vanquished.

Grand Total: 137 creatures vanquished

Notes
Turn   | Place    | Note
-------+----------+-------------------------------------------
     0 | D:1      | bande the Gargoyle Fighter began the quest for the Orb.
     0 | D:1      | Reached XP level 1. HP: 14/14 MP: 1/1
    93 | D:1      | Reached XP level 2. HP: 19/19 MP: 2/2
   284 | D:1      | Found a faded altar of an unknown god.
   678 | D:1      | Reached XP level 3. HP: 21/23 MP: 3/3
  1658 | D:2      | Reached skill level 4 in Armour
  1658 | D:2      | Reached XP level 4. HP: 9/29 MP: 4/4
  2201 | D:2      | Identified the +1 leather armour of Greed {Dex+7}
  2393 | D:2      | Found Vachuorgh's Magic Scroll Shoppe.
  2531 | D:3      | Identified a scroll of acquirement
  2531 | D:3      | Acquired an amulet of regeneration
  2668 | D:3      | Reached XP level 5. HP: 28/33 MP: 5/5
  2859 | D:3      | Found a sparkling altar of Nemelex Xobeh.
  3092 | D:3      | Found a runed translucent door.
  3093 | D:3      | Noticed Crazy Yiuf
  3105 | D:3      | Killed Crazy Yiuf
  3422 | D:4      | Reached XP level 6. HP: 38/38 MP: 6/6
  4091 | D:5      | Entered Level 5 of the Dungeon
  4108 | D:5      | Noticed a water moccasin
  4141 | D:4      | Killed a water moccasin
  4373 | D:4      | Reached skill level 5 in Armour
  4391 | D:5      | Demolished by an ogre

Illustrated notes

Levels and vault maps discovered:
D:1:      tarquinn_simple_flora_water_b, layout_basic, basic_ecumenical_altar,
          chequers_mini_garden
D:2:      layout_basic, serial_shops, shop_scrolls,
          hangedman_abyss_or_decor_lesser_grid
D:3:      layout_rooms, nemelex_spade_bored_becter, uniq_crazy_yiuf_cottage
D:4:      layout_loops_corners
D:5:      layout_layer_cave, tgw_fedhas

Skill      XL: |  1  2  3  4  5  6 |
---------------+-------------------+-----
Axes           | 2 3 4 |  4.4
Armour         | 4 5 |  5.0
Fighting       | 4 |  4.5
Shields        | 4 |  4.3
Dodging        | |  0.1

Action                   |  1- 3 |  4- 6 || total
-------------------------+-------+-------++-------
Melee: War axe           |    74 |    44 ||   118
       Hand axe          |       |   137 ||   137
  Use: Scroll            |     2 |     5 ||     7
       Potion            |     1 |     2 ||     3
 Stab: Invisible         |     2 |     1 ||     3
Armor: Scale mail        |    34 |    49 ||    83
       Chain mail        |       |    93 ||    93
Dodge: Dodged            |    36 |    81 ||   117
Block: Buckler           |    14 |    43 ||    57

Table legend: (Time is in decaauts)
 A = Elapsed time spent in this place.
 B = Non-inter-level travel time spent in this place.
 C = Inter-level travel time spent in this place.
 D = Time resting spent in this place.
 E = Time spent auto-exploring this place.
 F = Levels seen in this place.
 G = Mean time per level.
                   A        B        C        D        E       F      G
               +--------+--------+--------+--------+--------+-----+--------+
         Total |   4470 |   4427 |     43 |    965 |   2601 |   5 |  894.0 |
       Dungeon |   4470 |   4427 |     43 |    965 |   2601 |   5 |  894.0 |
               +--------+--------+--------+--------+--------+-----+--------+

Top non-repeatable levels by time:
     D:1: 1464 daAuts
     D:2: 1110 daAuts
     D:4: 846 daAuts
     D:3: 795 daAuts
     D:5: 252 daAuts
